| TOP OF THE 1ST |
|
Delmarva Shorebirds batting - Pitching for Hickory Crawdads : RHP Matt Sigurdson
|
|
Pitching: RHP Matt Sigurdson
|
|
|
Batting: RHB Kevin Popowicz
|
0-0: SINGLE (Groundball, 25, EV 65.6 MPH) (infield hit)
|
|
Batting: RHB Ethan Finke
|
0-0: Swinging Strike 0-1: Called Strike Kevin Popowicz steals 2nd base 0-2: Ball 1-2: Strikes out swinging
|
|
Batting: LHB Sam Williams
|
0-0: 2-RUN HOME RUN (Flyball, 8LXD, EV 111.2 MPH), Distance : 437 ft
|
|
Batting: RHB Chris McGuirk
|
0-0: Ball 1-0: Fly out, F9 (Flyball, 89S, EV 82.5 MPH)
|
|
Batting: LHB Vinny Rivera
|
0-0: Ball 1-0: Ground out 4-3 (Groundball, 4, EV 80.0 MPH)
|
| Top of the 1st over - 2 runs, 2 hits, 0 errors, 0 left on base; Delmarva 2 - Hickory 0 |
| BOTTOM OF THE 1ST |
|
Hickory Crawdads batting - Pitching for Delmarva Shorebirds : RHP Kevin Stewart
|
|
Pitching: RHP Kevin Stewart
|
|
|
Batting: RHB Aaron Moore
|
0-0: Foul Ball, location: 2F 0-1: Ground out 5-3 (Groundball, 56S, EV 66.2 MPH)
|
|
Batting: RHB Jose Pineda
|
0-0: Fly out, F8 (Flyball, 8LXD, EV 93.8 MPH)
|
|
Batting: RHB Dermott Neill
|
0-0: Called Strike 0-1: Called Strike 0-2: Ball 1-2: Ball 2-2: Strikes out swinging
|
| Bottom of the 1st over - 0 runs, 0 hits, 0 errors, 0 left on base; Delmarva 2 - Hickory 0 |
| TOP OF THE 2ND |
|
Delmarva Shorebirds batting - Pitching for Hickory Crawdads : RHP Matt Sigurdson
|
|
Batting: RHB Mike Pitts
|
0-0: Foul Ball, location: 2F 0-1: DOUBLE (Line Drive, 7LS, EV 106.9 MPH)
|
|
Batting: SHB Eric Kelley
|
0-0: Ball 1-0: Called Strike 1-1: Ball 2-1: Ball 3-1: Base on Balls
|
|
Batting: RHB Carlos Teniente
|
0-0: Ball 1-0: Fielders Choice at 2nd, 1-6 (Groundball, 34S, EV 70.0 MPH) Mike Pitts to third
|
|
Batting: RHB Ruben Domingues
|
0-0: Ball 1-0: Called Strike 1-1: Called Strike 1-2: Ball 2-2: Foul Ball, location: 2F 2-2: Strikes out swinging
|
|
Batting: RHB Kevin Popowicz
|
0-0: Ground out 4-3 (Groundball, 4, EV 88.8 MPH)
|
| Top of the 2nd over - 0 runs, 1 hit, 0 errors, 2 left on base; Delmarva 2 - Hickory 0 |
| BOTTOM OF THE 2ND |
|
Hickory Crawdads batting - Pitching for Delmarva Shorebirds : RHP Kevin Stewart
|
|
Batting: SHB Todd Hewitt
|
0-0: Called Strike 0-1: Foul Ball, location: 2F 0-2: Ball 1-2: Strikes out swinging
|
|
Batting: RHB Danny Weisse
|
0-0: Fly out, F8 (Flyball, 8RM, EV 93.8 MPH)
|
|
Batting: RHB Zach Thomason
|
0-0: SINGLE (Line Drive, 4MD, EV 98.1 MPH)
|
|
Batting: RHB Cesar Martinez
|
0-0: Ball 1-0: Ball 2-0: Ball 3-0: Called Strike 3-1: Called Strike 3-2: Foul Ball, location: 2F 3-2: Base on Balls Zach Thomason to second
|
|
Batting: LHB Matt Sigurdson
|
0-0: Called Strike 0-1: Foul Ball, location: 2F 0-2: Fly out, F8 (Flyball, 8RD, EV 93.8 MPH)
|
| Bottom of the 2nd over - 0 runs, 1 hit, 0 errors, 2 left on base; Delmarva 2 - Hickory 0 |
| TOP OF THE 3RD |
|
Delmarva Shorebirds batting - Pitching for Hickory Crawdads : RHP Matt Sigurdson
|
|
Batting: RHB Ethan Finke
|
0-0: Fly out, F8 (Flyball, 89XD, EV 81.9 MPH)
|
|
Batting: LHB Sam Williams
|
0-0: Called Strike 0-1: Called Strike 0-2: Ball 1-2: Strikes out swinging
|
|
Batting: RHB Chris McGuirk
|
0-0: Swinging Strike 0-1: Called Strike 0-2: Ground out 3-1 (Groundball, 34, EV 103.1 MPH)
|
| Top of the 3rd over - 0 runs, 0 hits, 0 errors, 0 left on base; Delmarva 2 - Hickory 0 |
| BOTTOM OF THE 3RD |
|
Hickory Crawdads batting - Pitching for Delmarva Shorebirds : RHP Kevin Stewart
|
|
Batting: RHB Eduardo Chavez
|
0-0: Ground out 6-3 (Groundball, 6, EV 103.8 MPH)
|
|
Batting: RHB Aaron Moore
|
0-0: SINGLE (Line Drive, 6D, EV 95.6 MPH)
|
|
Batting: RHB Jose Pineda
|
0-0: Called Strike Aaron Moore steals 2nd, throwing error, E2 Aaron Moore to third 0-1: Ball 1-1: Ball 2-1: Ball 3-1: Base on Balls
|
|
Batting: RHB Dermott Neill
|
0-0: Ball 1-0: SINGLE (Groundball, 6MD, EV 100.0 MPH) Aaron Moore scores Jose Pineda to second
|
|
Batting: SHB Todd Hewitt
|
0-0: Called Strike 0-1: Ball Jose Pineda steals 3rd, throwing error, E2 Jose Pineda scores Dermott Neill to third 1-1: Swinging Strike 1-2: Foul Ball, location: 2F 1-2: DOUBLE (Line Drive, 78D, EV 114.4 MPH) Dermott Neill scores
|
|
Batting: RHB Danny Weisse
|
0-0: Ground out U3 (Groundball, 13, EV 85.6 MPH) Todd Hewitt to third
|
|
Batting: RHB Zach Thomason
|
0-0: Ground out 5-3 (Groundball, 5, EV 88.1 MPH)
|
| Bottom of the 3rd over - 3 runs, 3 hits, 2 errors, 1 left on base; Delmarva 2 - Hickory 3 |
| TOP OF THE 4TH |
|
Delmarva Shorebirds batting - Pitching for Hickory Crawdads : RHP Matt Sigurdson
|
|
Batting: LHB Vinny Rivera
|
0-0: Ground out 4-3 (Groundball, 4, EV 82.5 MPH)
|
|
Batting: RHB Mike Pitts
|
0-0: Ball 1-0: Called Strike 1-1: Ground out 5-3 (Groundball, 56S, EV 65.0 MPH)
|
|
Batting: SHB Eric Kelley
|
0-0: Ball 1-0: Foul Ball, location: 2F 1-1: Foul Ball, location: 2F 1-2: Ball 2-2: Ball 3-2: Base on Balls
|
|
Batting: RHB Carlos Teniente
|
0-0: Called Strike Eric Kelley is caught stealing 2nd base 2-4
|
| Top of the 4th over - 0 runs, 0 hits, 0 errors, 0 left on base; Delmarva 2 - Hickory 3 |
| BOTTOM OF THE 4TH |
|
Hickory Crawdads batting - Pitching for Delmarva Shorebirds : RHP Kevin Stewart
|
|
Batting: RHB Cesar Martinez
|
0-0: Ball 1-0: SINGLE (Line Drive, 6MD, EV 98.1 MPH)
|
|
Batting: LHB Matt Sigurdson
|
0-0: Ball 1-0: Called Strike Cesar Martinez steals 2nd, throwing error, E2 Cesar Martinez to third 1-1: 2-RUN HOME RUN (Flyball, 9D, EV 101.2 MPH), Distance : 417 ft
|
|
Batting: RHB Eduardo Chavez
|
0-0: Ball 1-0: Ball 2-0: Swinging Strike 2-1: Called Strike 2-2: Foul Ball, location: 2F 2-2: Ground out 1-3 (Groundball, 15S, EV 66.2 MPH)
|
|
Batting: RHB Aaron Moore
|
0-0: Ball 1-0: Ball 2-0: Called Strike 2-1: SINGLE (Groundball, 4M, EV 98.8 MPH) (infield hit)
|
|
Batting: RHB Jose Pineda
|
0-0: Ball 1-0: Called Strike Aaron Moore steals 2nd base 1-1: Ground out 5-3 (Groundball, 56, EV 79.4 MPH)
|
|
Batting: RHB Dermott Neill
|
0-0: Called Strike 0-1: Ball 1-1: Ball 2-1: Fly out, F8 (Flyball, 8RD, EV 99.4 MPH)
|
| Bottom of the 4th over - 2 runs, 3 hits, 1 error, 1 left on base; Delmarva 2 - Hickory 5 |
| TOP OF THE 5TH |
|
Delmarva Shorebirds batting - Pitching for Hickory Crawdads : RHP Matt Sigurdson
|
|
Batting: RHB Carlos Teniente
|
0-0: Called Strike 0-1: Swinging Strike 0-2: Ball 1-2: Foul Ball, location: 2F 1-2: Fly out, F8 (Flyball, 89M, EV 75.6 MPH)
|
|
Batting: RHB Ruben Domingues
|
0-0: Ball 1-0: Ground out 6-3 (Groundball, 6, EV 96.9 MPH)
|
|
Batting: RHB Kevin Popowicz
|
0-0: Called Strike 0-1: Ball 1-1: Ball 2-1: Ground out 5-3 (Groundball, 56S, EV 79.4 MPH)
|
| Top of the 5th over - 0 runs, 0 hits, 0 errors, 0 left on base; Delmarva 2 - Hickory 5 |
| BOTTOM OF THE 5TH |
|
Hickory Crawdads batting - Pitching for Delmarva Shorebirds : RHP Kevin Stewart
|
|
Batting: SHB Todd Hewitt
|
0-0: Ball 1-0: SINGLE (Line Drive, 8RS, EV 104.4 MPH)
|
|
Pitching: RHP Manny Saldana
|
|
|
Batting: RHB Danny Weisse
|
0-0: Called Strike 0-1: Fly out, F8 (Flyball, 8RD, EV 88.1 MPH)
|
|
Batting: RHB Zach Thomason
|
0-0: SINGLE (Groundball, 13, EV 85.6 MPH) (infield hit) Todd Hewitt to second
|
|
Batting: RHB Cesar Martinez
|
0-0: Ball 1-0: Called Strike 1-1: Called Strike 1-2: Ball 2-2: Ball 3-2: 3-RUN HOME RUN (Flyball, 7D, EV 111.9 MPH), Distance : 437 ft
|
|
Batting: LHB Matt Sigurdson
|
0-0: Ball 1-0: Called Strike 1-1: Foul Ball, location: 2F 1-2: Ball 2-2: Ball 3-2: SINGLE (Line Drive, 6D, EV 106.2 MPH)
|
|
Batting: RHB Eduardo Chavez
|
0-0: Fielders Choice at 2nd, 4-6 (Groundball, 34, EV 86.2 MPH)
|
|
Batting: RHB Aaron Moore
|
0-0: Called Strike Eduardo Chavez steals 2nd base 0-1: Ball 1-1: Foul Ball, location: 2F 1-2: Foul Ball, location: 2F 1-2: Ball 2-2: Ball 3-2: Foul Ball, location: 2F 3-2: Strikes out looking
|
| Bottom of the 5th over - 3 runs, 4 hits, 0 errors, 1 left on base; Delmarva 2 - Hickory 8 |
| TOP OF THE 6TH |
|
Delmarva Shorebirds batting - Pitching for Hickory Crawdads : RHP Matt Sigurdson
|
|
Batting: RHB Ethan Finke
|
0-0: Ball 1-0: Called Strike 1-1: Fly out, F9 (Flyball, 9, EV 93.1 MPH)
|
|
Batting: LHB Sam Williams
|
0-0: Ball 1-0: Ball 2-0: Ground out 6-3 (Groundball, 6, EV 99.4 MPH)
|
|
Batting: RHB Chris McGuirk
|
0-0: Called Strike 0-1: Ball 1-1: Fly out, F8 (Flyball, 8LD, EV 98.8 MPH)
|
| Top of the 6th over - 0 runs, 0 hits, 0 errors, 0 left on base; Delmarva 2 - Hickory 8 |
| BOTTOM OF THE 6TH |
|
Hickory Crawdads batting - Pitching for Delmarva Shorebirds : RHP Manny Saldana
|
|
Batting: RHB Jose Pineda
|
0-0: Ball 1-0: Foul Ball, location: 2F 1-1: Called Strike 1-2: Ball 2-2: SINGLE (Line Drive, 3D, EV 94.4 MPH)
|
|
Batting: RHB Dermott Neill
|
0-0: Ball 1-0: Ball 2-0: Foul Ball, location: 2F 2-1: Foul Ball, location: 2F 2-2: Ball 3-2: Strikes out looking Jose Pineda steals 2nd base Batter strikes out.
|
|
Batting: SHB Todd Hewitt
|
0-0: Ball Jose Pineda steals 3rd base 1-0: Ball 2-0: Fly out, F8 (Flyball, 8LM, EV 78.8 MPH) Runner from 3rd tags up, SCORES, throw by CF
|
|
Batting: RHB Danny Weisse
|
0-0: Ball 1-0: Swinging Strike 1-1: Foul Ball, location: 2F 1-2: Ball 2-2: Ball 3-2: Foul Ball, location: 2F 3-2: Strikes out looking
|
| Bottom of the 6th over - 1 run, 1 hit, 0 errors, 0 left on base; Delmarva 2 - Hickory 9 |
| TOP OF THE 7TH |
|
Delmarva Shorebirds batting - Pitching for Hickory Crawdads : RHP Matt Sigurdson
|
|
Batting: LHB Vinny Rivera
|
0-0: Ball 1-0: Called Strike 1-1: Ball 2-1: Foul Ball, location: 2F 2-2: Strikes out swinging
|
|
Batting: RHB Mike Pitts
|
0-0: Ball 1-0: Ball 2-0: Swinging Strike 2-1: Ground out 6-3 (Groundball, 6, EV 94.4 MPH)
|
|
Batting: SHB Eric Kelley
|
0-0: Swinging Strike 0-1: Swinging Strike 0-2: Strikes out looking
|
| Top of the 7th over - 0 runs, 0 hits, 0 errors, 0 left on base; Delmarva 2 - Hickory 9 |
| BOTTOM OF THE 7TH |
|
Hickory Crawdads batting - Pitching for Delmarva Shorebirds : RHP Manny Saldana
|
|
Batting: RHB Zach Thomason
|
0-0: Called Strike 0-1: Foul Ball, location: 2F 0-2: Ball 1-2: Foul Ball, location: 2F 1-2: Foul Ball, location: 2F 1-2: Ball 2-2: Foul Ball, location: 2F 2-2: Ball 3-2: Foul Ball, location: 2F 3-2: Strikes out swinging
|
|
Batting: RHB Cesar Martinez
|
0-0: Ball 1-0: Ball 2-0: Called Strike 2-1: Foul Ball, location: 2F 2-2: Ball 3-2: Base on Balls
|
|
Pitching: RHP Mark Lloyd
|
|
|
Batting: LHB Matt Sigurdson
|
0-0: Ball Cesar Martinez steals 2nd base (no throw) 1-0: Called Strike 1-1: Swinging Strike 1-2: Foul Ball, location: 2F 1-2: Ball 2-2: Ground out U3 (Groundball, 34, EV 88.1 MPH) Cesar Martinez to third
|
|
Batting: RHB Eduardo Chavez
|
0-0: Swinging Strike 0-1: Foul Ball, location: 2F 0-2: Ball 1-2: Foul Ball, location: 2F 1-2: Fly out, F7 (Flyball, 78D, EV 103.8 MPH)
|
| Bottom of the 7th over - 0 runs, 0 hits, 0 errors, 1 left on base; Delmarva 2 - Hickory 9 |
| TOP OF THE 8TH |
|
Delmarva Shorebirds batting - Pitching for Hickory Crawdads : RHP Matt Sigurdson
|
|
Batting: RHB Carlos Teniente
|
0-0: Foul Ball, location: 2F 0-1: Ball 1-1: Called Strike 1-2: Ball 2-2: Foul Ball, location: 2F 2-2: DOUBLE (Line Drive, 89D, EV 107.5 MPH)
|
|
Batting: RHB Ruben Domingues
|
0-0: Ball 1-0: Called Strike 1-1: Called Strike 1-2: Foul Ball, location: 2F 1-2: Foul Ball, location: 2F 1-2: Foul Ball, location: 2F 1-2: Ball 2-2: Ball 3-2: SINGLE (Groundball, 25, EV 65.6 MPH) (infield hit) Carlos Teniente to third
|
|
Batting: RHB Kevin Popowicz
|
0-0: Called Strike 0-1: Ball 1-1: Ball 2-1: Swinging Strike 2-2: Strikes out swinging
|
|
Batting: RHB Ethan Finke
|
0-0: Ball 1-0: Foul Ball, location: 2F 1-1: Called Strike 1-2: Strikes out swinging
|
|
Batting: LHB Sam Williams
|
0-0: Swinging Strike 0-1: Ball 1-1: Swinging Strike 1-2: Strikes out swinging
|
| Top of the 8th over - 0 runs, 2 hits, 0 errors, 2 left on base; Delmarva 2 - Hickory 9 |
| BOTTOM OF THE 8TH |
|
Hickory Crawdads batting - Pitching for Delmarva Shorebirds : RHP Mark Lloyd
|
|
Batting: RHB Aaron Moore
|
0-0: Ball 1-0: Foul Ball, location: 2F 1-1: SINGLE (Groundball, 4M, EV 83.1 MPH) (infield hit)
|
|
Pinch Hitting: RHB Kevin Whitenack
|
0-0: Called Strike Aaron Moore steals 2nd base 0-1: Ball 1-1: Ball 2-1: Ball 3-1: Foul Ball, location: 2F 3-2: Foul Ball, location: 2F 3-2: Base on Balls
|
|
Batting: RHB Dermott Neill
|
0-0: Ball 1-0: Called Strike 1-1: Foul Ball, location: 2F 1-2: Ball 2-2: Foul Ball, location: 2F 2-2: Foul Ball, location: 2F 2-2: Ball 3-2: SINGLE (Groundball, 6D, EV 94.4 MPH) Aaron Moore to third Kevin Whitenack to second Runner from 3rd tries for Home, SAFE, throw by CF to home
|
|
Pitching: LHP Justin Hinton
|
|
|
Batting: SHB Todd Hewitt
|
0-0: Called Strike 0-1: Ball 1-1: Fly out, F9 (Flyball, 89S, EV 88.1 MPH)
|
|
Batting: RHB Danny Weisse
|
0-0: Ball 1-0: SINGLE (Groundball, 56D, EV 95.6 MPH) Kevin Whitenack to third Dermott Neill to second Runner from 3rd tries for Home, SAFE, throw by LF to home
|
|
Batting: RHB Zach Thomason
|
0-0: Ball 1-0: Swinging Strike 1-1: Called Strike 1-2: Strikes out swinging
|
|
Batting: RHB Cesar Martinez
|
0-0: Swinging Strike 0-1: Called Strike 0-2: Ground out 5-3 (Groundball, 56S, EV 81.2 MPH)
|
| Bottom of the 8th over - 2 runs, 3 hits, 0 errors, 2 left on base; Delmarva 2 - Hickory 11 |
| TOP OF THE 9TH |
|
Delmarva Shorebirds batting - Pitching for Hickory Crawdads : RHP Matt Sigurdson
|
|
Pitching: LHP Francisco Rivas
|
|
|
Now at 3B: Kevin Whitenack
|
|
|
Batting: RHB Chris McGuirk
|
0-0: Ball 1-0: Called Strike 1-1: Ball 2-1: Foul Ball, location: 2F 2-2: Ball 3-2: SINGLE (Groundball, 4MD, EV 98.1 MPH)
|
|
Batting: LHB Vinny Rivera
|
0-0: Fielders Choice at 2nd, 3-6 (Groundball, 3, EV 81.2 MPH)
|
|
Batting: RHB Mike Pitts
|
0-0: Foul Ball, location: 2F 0-1: Ball 1-1: Ball 2-1: Swinging Strike 2-2: Foul Ball, location: 2F 2-2: Strikes out looking
|
|
Batting: SHB Eric Kelley
|
0-0: Ball 1-0: Ball 2-0: Called Strike 2-1: Foul Ball, location: 2F 2-2: Foul Ball, location: 2F 2-2: Fielders Choice at 2nd, U6 (Groundball, 6M, EV 85.6 MPH)
|
| Top of the 9th over - 0 runs, 1 hit, 0 errors, 1 left on base; Delmarva 2 - Hickory 11 |
|